 Dungeon Crawl Stone Soup version 0.29-a0-559-g359e09b9d1 (webtiles) character file.

Game seed: 14764450353348002104

8918 Locuples the Severer (level 11, -30/95 HPs)
             Began as a Minotaur Fighter on June 10, 2022.
             Was a Believer of the Shining One.
             Annihilated by an orc warlord
             ... wielding a +0 great mace
              (45 damage)
             ... on level 1 of the Orcish Mines.
             The game lasted 00:26:26 (8843 turns).

Locuples the Severer (Minotaur Fighter)             Turns: 8843, Time: 00:26:28

Health: -30/95     AC: 22    Str: 31    XL:     11   Next: 16%
Magic:  10/10      EV:  5    Int:  5    God:    the Shining One [**....]
Gold:   551        SH: 14    Dex: 10    Spells: 10/10 levels left

rFire   . . .      SeeInvis .   N - +1 hand axe (flame)
rCold   . . .      Faith    .   D - +0 tower shield
rNeg    + . .      Spirit   .   v - +0 plate armour
rPois   .          Reflect  .   (helmet unavailable)
rElec   .          Harm     .   B - +0 cloak
rCorr   .          Rampage  .   n - +2 pair of gloves
Will    .....                   g - +1 pair of boots
Stlth   ..........              r - amulet of regeneration
HPRegen 1.05/turn               h - +4 ring of slaying
MPRegen 0.12/turn               i - +6 ring of strength

@: glowing
A: horns 3, retaliatory headbutt, iridescent scales 1
a: Renounce Religion, Divine Shield


You were on level 1 of the Orcish Mines.
You worshipped the Shining One.
The Shining One was pleased with you.
You visited 3 branches of the dungeon, and saw 11 of its levels.
You also visited: Sewer.

You collected 581 gold pieces.
You spent 30 gold pieces at shops.

Inventory:

Hand Weapons
 N - a +1 hand axe of flaming (weapon)
Armour
 g - a +1 pair of boots (worn)
 n - a +2 pair of gloves (worn)
 v - a +0 plate armour (worn)
 B - a +0 cloak (worn)
 D - a +0 tower shield (worn)
 H - an orb of guile
Jewellery
 c - a ring of willpower
 h - a +4 ring of slaying (left hand)
 i - a +6 ring of strength (right hand)
 r - an amulet of regeneration (around neck)
 L - a ring of ice
Wands
 o - a wand of digging (2)
 E - a wand of polymorph (13)
 K - a wand of charming (5)
Scrolls
 e - 8 scrolls of teleportation
 f - 4 scrolls of amnesia
 j - a scroll of identify
 k - a scroll of summoning
 l - a scroll of vulnerability {unknown}
 p - 4 scrolls of immolation
 q - 3 scrolls of poison
 s - 3 scrolls of enchant weapon
 t - a scroll of brand weapon {unknown}
 u - 5 scrolls of enchant armour
 w - 2 scrolls of blinking
 y - 4 scrolls of fog
 G - a scroll of magic mapping
Potions
 b - 4 potions of heal wounds
 d - 2 potions of might
 m - 7 potions of curing
 x - a potion of experience {unknown}
 z - a potion of attraction {unknown}
 A - 2 potions of invisibility {unknown}
 C - a potion of magic {unknown}
 F - a potion of brilliance {unknown}
 I - a potion of lignification {unknown}
 J - a potion of ambrosia {unknown}
 M - a potion of resistance {unknown}


   Skills:
 + Level 8.6 Fighting
 * Level 16.1 Axes
 + Level 8.3 Armour
 + Level 0.1 Dodging
 + Level 8.1 Shields


You had 10 spell levels left.
You didn't know any spells.
Your spell library contained the following spells:

 Spells                   Type           Power      Damage    Failure   Level
 Foxfire                  Conj/Fire      0%         2x1d4     100%        1
 Conjure Flame            Conj/Fire      0%         6-21      100%        3
 Dazzling Flash           Conj/Hex       0%         N/A       100%        3
 Inner Flame              Hex/Fire       0%         N/A       100%        3
 Animate Armour           Summ/Erth      0%         N/A       100%        4
 Flame Wave               Conj/Fire      0%         2d4       100%        4
 Iskenderun's Mystic Bla  Conj/Tloc      0%         2d3       100%        4
 Agony                    Necr           0%         N/A       100%        5
 Blade Hands              Tmut           0%         N/A       100%        5
 Silence                  Hex/Air        0%         N/A       100%        5
 Iron Shot                Conj/Erth      0%         9d1       100%        6
 Starburst                Conj/Fire      0%         6d3       100%        6
 Chain Lightning          Conj/Air       0%         N/A       100%        9
 Fire Storm               Conj/Fire      0%         5d1       100%        9
 Shatter                  Erth           0%         3d5*      100%        9


Dungeon Overview and Level Annotations

Branches:
Dungeon (9/15)             Temple (1/1) D:5            Lair (0/6) D:9
    Orc (1/2) D:9           Sewer (visited)

Altars:
Ashenzari
Cheibriados
Dithmenos
Elyvilon
Fedhas
Gozag
Hepliaklqana
Kikubaaqudgha
Makhleb
Nemelex Xobeh
Okawaru
Qazlal
Ru
Sif Muna
Trog
Uskayaw
Vehumet
Wu Jian
Xom
Yredelemnul
Zin
The Shining One

Shops:
D:3 ?   D:6 *   Orc:1 *


Innate Abilities, Weirdness & Mutations

You have a pair of large horns on your head.
You reflexively headbutt those who attack you in melee.
You are partially covered in iridescent scales. (AC +2)


Message History

The orc knight goes into a battle-frenzy!
You now have 540 gold pieces (gained 14).
You now have 551 gold pieces (gained 11).
An orc knight breaks down the door.
The orc warlord no longer looks unusually strong.
You see here 15 gold pieces.
The orc knight hits you with a +0 great mace!
You see here 12 gold pieces.
The orc knight attacks as you move away!
You block the orc knight's attack.
You see here 17 gold pieces.
You hit the orc knight. You burn the orc knight. You headbutt the orc knight.
The orc knight is lightly wounded.
The orc knight roars a battlecry!
The orc warlord goes into a battle-frenzy!
You slash the orc knight! You burn the orc knight.
The orc knight is moderately wounded.
The orc knight hits you but does no damage.
You barely miss the orc knight. You headbutt the orc knight!
The orc knight is heavily wounded.
You hit the orc warlord but do no damage.
You block the orc knight's attack.
The orc warlord hits you with a +0 great mace.
You hit the orc knight. You burn the orc knight.
The orc knight is heavily wounded.
You hit the orc warlord but do no damage.
You block the orc knight's attack.
The orc warlord hits you with a +0 great mace!!
You slash the orc knight! You burn the orc knight.
The orc knight is severely wounded.
You hit the orc warlord. You burn the orc warlord.
The orc knight hits you with a +0 great mace!
The orc warlord hits you with a +0 great mace!
You hit the orc knight. You burn the orc knight.
The orc knight is severely wounded.
You hit the orc warlord but do no damage.
The orc knight hits you with a +0 great mace!
* * * LOW HITPOINT WARNING * * *
The orc warlord hits you with a +0 great mace!!!
You die...

####### ####$$$o$#
##..'..$o@+
#...###'###
#..##.....##.
.......#..#.......#.
.......#..#.[.....#..
.......#..#.......#..#
....>..#..##.....##..#
.......#..)#######...#
#......##.))........#


You could see an orc warlord (strong) and an orc knight (strong).

Vanquished Creatures
  A two-headed ogre (D:9)
  Pikel (D:6)
  An orc sorcerer (Orc:1)
  Grinder (D:4)
  Sigmund (D:6)
  A shadow (D:9)
  11 yaks
  2 wyverns
  Menkaure (D:7)
  2 steam dragons (D:7)
  A warg (Orc:1)
  2 water moccasins
  An ice beast (D:7)
  2 black bears
  13 orc warriors
  A sky beast (D:7)
  2 ogres
  A centaur (D:6)
  3 lemures (D:6)
  A phantom (D:5)
  Blork the orc (D:4)
  3 kobold brigands
  A gnoll sergeant (D:7)
  4 bullfrogs
  2 necrophages
  3 scorpions
  4 wights
  3 killer bees (D:9)
  2 howler monkeys
  8 orc priests
  A gnoll shaman (D:7)
  A hound (D:4)
  A jelly (D:5)
  Jessica (D:2)
  5 iguanas
  8 orc wizards
  12 gnolls
  11 adders
  6 river rats (Sewer)
  2 shadow imps (D:6)
  A white imp (D:7)
  4 worms
  3 dart slugs
  38 orcs
  7 endoplasms
  6 giant cockroaches
  7 goblins
  4 hobgoblins
  7 jackals
  9 quokkas
  15 ball pythons
  5 bats
  3 frilled lizards
  22 kobolds
  30 rats
289 creatures vanquished.

Vanquished Creatures (collateral kills)
  A kobold (D:8)
1 creature vanquished.

Vanquished Creatures (others)
  2 orcs (Orc:1)
  4 plants (D:1)
6 creatures vanquished.

Grand Total: 296 creatures vanquished

Notes
Turn   | Place    | Note
-------+----------+-------------------------------------------
     0 | D:1      | Locuples the Minotaur Fighter began the quest for the Orb.
     0 | D:1      | Reached XP level 1. HP: 19/19 MP: 0/0
     6 | D:1      | Noticed a ragged hierophant
     6 | D:1      | Noticed a komodo dragon
     7 | D:1      | Noticed a frost giant
   254 | D:1      | Reached XP level 2. HP: 26/27 MP: 1/1
   321 | D:1      | Reached skill level 3 in Axes
   909 | D:1      | Reached XP level 3. HP: 33/33 MP: 2/2
  1393 | D:2      | Reached skill level 4 in Axes
  1476 | D:2      | Noticed Jessica
  1479 | D:2      | Killed Jessica
  1480 | D:2      | Reached XP level 4. HP: 40/40 MP: 3/3
  1887 | D:2      | Found a faded altar of an unknown god.
  2276 | D:3      | Reached skill level 5 in Axes
  2282 | D:3      | Reached XP level 5. HP: 40/46 MP: 4/4
  2442 | D:3      | Found Tifeb's Magic Scroll Boutique.
  3001 | D:4      | Reached skill level 6 in Axes
  3007 | D:4      | Reached XP level 6. HP: 53/53 MP: 5/5
  3085 | D:4      | Noticed Grinder
  3093 | D:4      | Killed Grinder
  3094 | D:4      | Reached skill level 7 in Axes
  3094 | D:4      | Reached XP level 7. HP: 58/60 MP: 6/6
  3140 | D:4      | Noticed Blork the orc
  3147 | D:4      | Killed Blork the orc
  3148 | D:4      | Reached skill level 8 in Axes
  3348 | D:4      | Found a blossoming altar of Fedhas.
  3474 | D:4      | Reached skill level 5 in Fighting
  3474 | D:4      | Reached skill level 5 in Armour
  3544 | D:4      | Reached skill level 9 in Axes
  3788 | D:5      | Entered Level 5 of the Dungeon
  3872 | D:5      | Reached XP level 8. HP: 68/68 MP: 7/7
  3951 | D:5      | Found a staircase to the Ecumenical Temple.
  3957 | Temple   | Entered the Ecumenical Temple
  4021 | Temple   | Became a worshipper of the Shining One
  4455 | D:5      | Reached skill level 5 in Shields
  4465 | D:5      | Reached skill level 10 in Axes
  4773 | D:5      | Found a hazy altar of Hepliaklqana.
  5021 | D:6      | Noticed Sigmund
  5023 | D:6      | Noticed Pikel
  5028 | D:6      | Killed Sigmund
  5038 | D:6      | Killed Pikel
  5039 | D:6      | Reached skill level 11 in Axes
  5039 | D:6      | Reached XP level 9. HP: 62/75 MP: 8/8
  5169 | D:6      | Found a glowing drain.
  5183 | Sewer    | Entered a sewer
  5484 | Sewer    | Reached skill level 12 in Axes
  5661 | D:6      | Found Yfewoj's CLEARANCE SALE!.
  5685 | D:6      | Bought a scroll of enchant weapon for 30 gold pieces
  6502 | D:7      | Noticed Menkaure
  6511 | D:7      | Killed Menkaure
  6669 | D:7      | Reached skill level 13 in Axes
  6688 | D:7      | Reached * piety under the Shining One
  7215 | D:7      | Reached XP level 10. HP: 86/86 MP: 9/9
  7417 | D:8      | Reached skill level 14 in Axes
  8056 | D:9      | Noticed a two-headed ogre
  8060 | D:9      | Killed a two-headed ogre
  8114 | D:9      | Reached skill level 15 in Axes
  8198 | D:9      | Gained mutation: You have sharp toenails. [potion of
                  | mutation]
  8198 | D:9      | Gained mutation: You are robust. (+10% HP) [potion of
                  | mutation]
  8200 | D:9      | Lost mutation: You have sharp toenails. [potion of
                  | mutation]
  8200 | D:9      | Lost mutation: You are robust. (+10% HP) [potion of
                  | mutation]
  8200 | D:9      | Gained mutation: You tend to lose your temper in combat.
                  | [potion of mutation]
  8200 | D:9      | Gained mutation: You have hidden genetic potential. [potion
                  | of mutation]
  8202 | D:9      | Lost mutation: You have hidden genetic potential. [potion
                  | of mutation]
  8202 | D:9      | Lost mutation: You tend to lose your temper in combat.
                  | [potion of mutation]
  8202 | D:9      | Gained mutation: You have hidden genetic potential. [potion
                  | of mutation]
  8202 | D:9      | Gained mutation: You are partially covered in iridescent
                  | scales. (AC +2) [potion of mutation]
  8202 | D:9      | Gained mutation: You expend magic power (3 MP) to
                  | strengthen your wands. [potion of mutation]
  8203 | D:9      | Lost mutation: You are partially covered in iridescent
                  | scales. (AC +2) [potion of mutation]
  8203 | D:9      | Lost mutation: You expend magic power (3 MP) to strengthen
                  | your wands. [potion of mutation]
  8203 | D:9      | Lost mutation: You have hidden genetic potential. [potion
                  | of mutation]
  8203 | D:9      | Gained mutation: Your body sometimes deteriorates upon
                  | taking damage. [potion of mutation]
  8203 | D:9      | Gained mutation: Your system is resistant to poisons.
                  | (rPois) [potion of mutation]
  8203 | D:9      | Gained mutation: You possess an exceptional clarity of
                  | mind. [potion of mutation]
  8204 | D:9      | Lost mutation: Your system is resistant to poisons. (rPois)
                  | [potion of mutation]
  8204 | D:9      | Lost mutation: Your body sometimes deteriorates upon taking
                  | damage. [potion of mutation]
  8204 | D:9      | Lost mutation: You possess an exceptional clarity of mind.
                  | [potion of mutation]
  8204 | D:9      | Gained mutation: You are clumsy. (Dex -2) [potion of
                  | mutation]
  8206 | D:9      | Lost mutation: You are clumsy. (Dex -2) [potion of
                  | mutation]
  8206 | D:9      | Gained mutation: You have a pair of large horns on your
                  | head. [potion of mutation]
  8206 | D:9      | Gained mutation: You are partially covered in iridescent
                  | scales. (AC +2) [potion of mutation]
  8276 | D:9      | Found a staircase to the Lair.
  8346 | D:9      | Reached ** piety under the Shining One
  8550 | D:9      | Found a staircase to the Orcish Mines.
  8717 | Orc:1    | Entered Level 1 of the Orcish Mines
  8717 | Orc:1    | Found Yllayn's Assorted Antiques.
  8729 | Orc:1    | Noticed an orc sorcerer
  8735 | Orc:1    | Reached XP level 11. HP: 69/94 MP: 10/10
  8740 | Orc:1    | Killed an orc sorcerer
  8742 | Orc:1    | Reached skill level 16 in Axes
  8799 | Orc:1    | Noticed an orc knight
  8799 | Orc:1    | Noticed an orc warlord
  8843 | Orc:1    | Annihilated by an orc warlord

Illustrated notes

Levels and vault maps discovered:
D:1:      onia_arrival_zoo_common, layout_loops_ring, serial_forest,
          infiniplex_forest_lined_corner, infiniplex_forest_clump_medium,
          infiniplex_forest_end_1, infiniplex_forest_diagonal,
          infiniplex_forest_lined_1, infiniplex_forest_clump_small,
          infiniplex_forest_zigzag_1, nrook_mini_backslash,
          minmay_misc_feat_roman
D:2:      layout_loops_corners, nicolae_ecumenical_lake_church, uniq_jessica
D:3:      layout_loops_ring, serial_shops, nicolae_shop_waterfront,
          dk_vineyard_1, minmay_misc_feat_tiny, st_stairs_2
D:4:      layout_gridville, lemuel_tele_altar, minivault_23,
          guppyfry_early_orc_mine, uniq_grinder, uniq_blork_the_orc
D:5:      layout_cave_pods, nzn_hepliaklqana_mist_gate, minmay_temple_entry_hall
D:6:      layout_basic, gup_sewer_entry_pipe, nicolae_shop_clearance,
          uniq_sigmund, uniq_pikel
D:7:      minmay_skewed_foursquare, layout_gridville, uniq_menkaure
D:8:      layout_loops_cross, grunt_decor_one_mirror, minmay_misc_feat_room
D:9:      layout_roguey, lair_entry_dummy, orc_0_dummy,
          hangedman_abyss_or_decor_lesser_grid
Temple:   mainiacjoe_temple_cubbyholes
Orc:1:    cheibrodos_orc_arena, layout_caves, serial_shops, shop

Skill      XL: |  1  2  3  4  5  6  7  8  9 10 11 |
---------------+----------------------------------+-----
Axes           | 3 4 5 6 7 9 11 13 15 16 | 16.1
Armour         | 4 5 6 7 8 |  8.3
Fighting       | 4 5 6 7 8 |  8.6
Shields        | 4 5 7 8 |  8.1
Dodging        | |  0.1

Action                   |  1- 3 |  4- 6 |  7- 9 | 10-12 || total
-------------------------+-------+-------+-------+-------++-------
Melee: War axe           |    73 |    71 |   227 |   107 ||   478
       Headbutt          |    11 |    12 |    41 |    36 ||   100
       Hand axe          |       |       |       |    20 ||    20
  Use: Scroll            |       |     2 |     1 |    13 ||    16
       Potion            |       |       |     1 |     8 ||     9
Armor: Scale mail        |    42 |    37 |     5 |       ||    84
       Plate armour      |       |       |   211 |    87 ||   298
Dodge: Dodged            |    36 |    26 |    67 |    26 ||   155
Block: Buckler           |     8 |       |       |       ||     8
       Kite shield       |    19 |    36 |   132 |       ||   187
       Tower shield      |       |       |    13 |    89 ||   102

Table legend: (Time is in decaauts)
 A = Elapsed time spent in this place.
 B = Non-inter-level travel time spent in this place.
 C = Inter-level travel time spent in this place.
 D = Time resting spent in this place.
 E = Time spent auto-exploring this place.
 F = Levels seen in this place.
 G = Mean time per level.
                   A        B        C        D        E       F      G
               +--------+--------+--------+--------+--------+-----+--------+
         Total |   8994 |   8994 |      0 |    160 |   6420 |  12 |  749.5 |
       Dungeon |   8118 |   8118 |      0 |     60 |   5977 |   9 |  902.0 |
        Temple |    368 |    368 |      0 |      0 |    285 |   1 |  368.0 |
  Orcish Mines |    124 |    124 |      0 |      0 |     25 |   1 |  124.0 |
         Sewer |    383 |    383 |      0 |    100 |    133 |   1 |  383.0 |
               +--------+--------+--------+--------+--------+-----+--------+

Top non-repeatable levels by time:
     D:6: 1242 daAuts
     D:2: 1100 daAuts
     D:1: 1049 daAuts
     D:4: 880 daAuts
     D:7: 874 daAuts
     D:3: 826 daAuts
     D:5: 717 daAuts
     D:8: 713 daAuts
     D:9: 713 daAuts
   Sewer: 383 daAuts
  Temple: 368 daAuts
   Orc:1: 124 daAuts
